 Dungeon Crawl Stone Soup version 0.29-a0-911-g88e6f02907 (webtiles) character file.

Game seed: 16269231350434928781

16753 enile the Thaumaturge (level 12, -10/81 HPs)
             Began as an Octopode Fire Elementalist on July 26, 2022.
             Was a High Priest of Vehumet.
             Mangled by Snorg (24 damage)
             ... on level 10 of the Dungeon.
             The game lasted 00:21:45 (12960 turns).

enile the Thaumaturge (Octopode Fire Elementalist) Turns: 12960, Time: 00:21:46

Health: -10/81     AC:  1    Str:  8    XL:     12   Next: 40%
Magic:  25/27      EV: 15    Int: 21    God:    Vehumet [*****.]
Gold:   645        SH:  5    Dex: 13    Spells: 18/33 levels left

rFire   . . .      SeeInvis .   j - +7 Throatcutter {drain, coup de grace}
rCold   . . .      Faith    .   (no shield)
rNeg    . . .      Spirit   .   (helmet restricted)
rPois   .          Reflect  +   s - amulet of reflection
rElec   .          Harm     .   z - ring of willpower
rCorr   .          Rampage  .   (no ring)
Will    +....      Clarity  +   (no ring)
Stlth   +++.......              (no ring)
HPRegen 0.23/turn               (no ring)
MPRegen 0.20/turn               (no ring)
                                (no ring)
                                (no ring)

@: no status effects
A: almost no armour, amphibious, 8 rings, camouflage 1, gelatinous body 1,
(nimble swimmer 1), tentacles, clarity
a: Renounce Religion


You were on level 10 of the Dungeon.
You worshipped Vehumet.
Vehumet was extremely pleased with you.
You visited 1 branch of the dungeon, and saw 10 of its levels.

You collected 645 gold pieces.

Inventory:

Hand Weapons
 e - a +2 dagger of venom
 h - a +0 short sword
 j - the +7 Throatcutter (weapon) {drain, coup de grace}
   (You found it on level 5 of the Dungeon)

   A truly terrible weapon, it drains the life of any living foe it strikes.
   It may instantly kill foes which have little health.
 x - the +6 rapier of True Grit {vamp, rF- rC+++ rN++}
   (You found it on level 5 of the Dungeon)

   It occasionally heals its wielder for a portion of the damage dealt when it
   wounds a living foe.
   rF:        It makes you vulnerable to fire.
   rC:        It renders you almost immune to cold.
   rN:        It greatly protects you from negative energy.
Jewellery
 s - an amulet of reflection (around mantle)
 z - a ring of willpower (left tentacle)
Wands
 A - a wand of iceblast (5) (quivered)
Scrolls
 c - 2 scrolls of amnesia
 n - 3 scrolls of immolation
 p - 2 scrolls of brand weapon
 r - 2 scrolls of enchant armour
 t - a scroll of fear
 u - 2 scrolls of butterflies
 y - a scroll of enchant weapon
 B - 2 scrolls of poison
Potions
 a - a potion of magic
 b - a potion of lignification
 d - a potion of attraction
 f - a potion of mutation
 g - 2 potions of brilliance
 k - 2 potions of flight
 l - 2 potions of degeneration
 w - a potion of cancellation {unknown}


   Skills:
 + Level 7.1 Fighting
 - Level 4.0(5.7) Short Blades
 - Level 6.4(7.0) Long Blades
 - Level 6.5 Dodging
 - Level 4.0 Stealth
 - Level 11.1 Spellcasting
 - Level 1.0 Conjurations
 - Level 7.1 Fire Magic
 - Level 2.0 Ice Magic
 - Level 5.0 Poison Magic
 - Level 5.0 Evocations


You had 18 spell levels left.
You knew the following spells:

 Your Spells              Type           Power      Damage    Failure   Level
a - Olgreb's Toxic Radia  Pois           32%        N/A       2%          4
b - Scorch                Fire           82%        2d9       1%          2
c - Inner Flame           Hex/Fire       26%        N/A       1%          3
d - Foxfire               Conj/Fire      100%       2x1d9     1%          1
e - Frozen Ramparts       Ice            40%        1d6       2%          3
f - Passwall              Tmut/Erth      9%         N/A       9%          2

Your spell library contained the following spells:

 Spells                   Type           Power      Damage    Failure   Level
 Fulminant Prism          Conj/Hex       6%         3d7       13%         4
 Magic Dart               Conj           60%        1d6       1%          1
 Conjure Flame            Conj/Fire      28%        6-21      1%          3
 Mephitic Cloud           Conj/Pois/Air  20%        N/A       2%          3
 Flame Wave               Conj/Fire      28%        2d8       3%          4
 Beastly Appendage        Tmut           22%        N/A       6%          1
 Ensorcelled Hibernation  Hex/Ice        30%        N/A       6%          2
 Spider Form              Tmut/Pois      22%        N/A       6%          3
 Call Imp                 Summ           11%        N/A       9%          2
 Wereblood                Tmut           11%        N/A       9%          2
 Swiftness                Air            11%        N/A       17%         3


Dungeon Overview and Level Annotations

Branches:
Dungeon (10/15)            Temple (0/1) D:6            Lair (0/5) D:10
    Orc (0/2) D:9

Altars:
Hepliaklqana
Kikubaaqudgha
Trog
Vehumet
Wu Jian
Yredelemnul
Zin

Shops:
D:4 (=

Annotations:
D:3 3 runed translucent doors, Jackthecabe's ghost, amateur OpSu
D:6 1 runed translucent door, Gus979's ghost, amateur DsFi
D:10 Snorg


Innate Abilities, Weirdness & Mutations

You cannot wear most types of armour.
You are amphibious.
You can wear up to eight rings at the same time.
Your skin changes colour to match your surroundings (Stealth+).
Your rubbery body absorbs attacks. (AC +1, EV +1)
((You are camouflaged when in or above water. (Stealth+)))
You have tentacles for arms and can constrict up to eight enemies at once.
You possess an exceptional clarity of mind.


Message History

* * * LOW HITPOINT WARNING * * *
Your surroundings suddenly seem different.
Found a dagger and 4 stones.
Okay, then.
As you read the scroll of teleportation, it crumbles to dust.
You feel strangely unstable.
Your surroundings suddenly seem different.
You hear a shout!
You hear a shout!
You hear a shout!
Okay, then.
Okay, then.
Okay, then.
You start resting.
You hear a shout! x3
HP restored.
You can't go up here!
Memorise Passwall, consuming 2 spell levels and leaving 18?
You start memorising the spell.
You continue memorising. x2
You finish memorising.
Spell assigned to 'f'.
Snorg is nearby!
Snorg shouts!
Snorg goes berserk!
Okay, then.
Okay, then.
Okay, then.
Okay, then.
Casting: Olgreb's Toxic Radiance (dangerous; 2% risk of failure)
Confirm with . or Enter, or press ? or * to list all spells.
Aiming: Passwall (safe; 9% risk of failure)
Press: ? - help, Dir - move target A rock wall.
Snorg bites you! Snorg claws you! Snorg closely misses you.
You begin to meditate on the wall.
You continue meditating on the rock.
Snorg bites you! Snorg closely misses you. Snorg claws you!
You continue meditating on the rock.
Snorg bites you!
* * * LOW HITPOINT WARNING * * *
Snorg claws you but does no damage. Snorg barely misses you. Snorg bites you!!
You die...

##############.....###..##
...........................
...........................
...(.......................
...........................
...........................
...........................
.P.............############
.........T@....# #......
..P.....######## #......
...P...P.#.....# #......
P...P...P#.....# #...<..
P...P......P....# #......
..P....P.........# #......
................รท.#
#......
PP.P..>......P...).).#
#......
......P.P......P.)####
#......


You could see Snorg (berserk).

Vanquished Creatures
  A boulder beetle (D:9)
  A komodo dragon (D:9)
  A troll (D:9)
  Prince Ribbit (D:7)
  Grinder (D:6)
  14 yaks
  2 wraiths
  3 wyverns
  6 vampire mosquitoes
  A steam dragon (D:8)
  Menkaure (D:4)
  3 water moccasins (D:10)
  2 ice beasts
  3 orc warriors
  2 sky beasts
  2 black bears
  An ogre (D:6)
  A phantom (D:7)
  A centaur (D:7)
  A kobold brigand (D:8)
  6 bullfrogs
  A necrophage (D:4)
  2 scorpions
  8 wights
  7 killer bees
  3 howler monkeys (D:8)
  5 hounds
  4 jellies
  7 orc priests
  A gnoll bouda (D:9)
  Jessica (D:2)
  2 iguanas
  10 orc wizards
  Robin (D:2)
  9 gnolls
  7 adders
  3 white imps
  An ufetubus (D:5)
  28 orcs
  9 endoplasms
  5 giant cockroaches
  13 goblins
  11 hobgoblins
  3 jackals (D:4)
  7 quokkas
  7 ball pythons
  2 bats (D:2)
  7 frilled lizards
  9 kobolds
  7 rats
234 creatures vanquished.

Vanquished Creatures (others)
  362 foxfires
  40 fungi (D:10)
  45 plants (D:10)
447 creatures vanquished.

Grand Total: 681 creatures vanquished

Notes
Turn   | Place    | Note
-------+----------+-------------------------------------------
     0 | D:1      | enile the Octopode Fire Elementalist began the quest for
                  | the Orb.
     0 | D:1      | Reached XP level 1. HP: 11/11 MP: 3/3
   251 | D:1      | Reached skill level 1 in Fighting
   391 | D:1      | Reached XP level 2. HP: 18/18 MP: 1/5
   446 | D:1      | Learned a level 2 spell: Scorch
  1168 | D:1      | Reached XP level 3. HP: 24/24 MP: 1/6
  1731 | D:2      | Noticed Robin
  1741 | D:2      | Learned a level 3 spell: Inner Flame
  1793 | D:2      | Killed Robin
  1799 | D:2      | Reached XP level 4. HP: 18/29 MP: 1/8
  2235 | D:2      | Reached skill level 3 in Spellcasting
  2698 | D:2      | Found a faded altar of an unknown god.
  2716 | D:2      | Noticed Jessica
  2719 | D:2      | Prayed at the altar of an unknown god.
  2719 | D:2      | Became a worshipper of Vehumet
  2719 | D:2      | Reached * piety under Vehumet
  2719 | D:2      | Offered knowledge of Freeze by Vehumet.
  2723 | D:2      | Killed Jessica
  2724 | D:2      | Reached XP level 5. HP: 34/34 MP: 3/10
  3153 | D:3      | Found a runed translucent gate.
  3153 | D:3      | Identified the +12 short sword of the Onslaught {pain, rF+}
  3154 | D:3      | Found a runed translucent gate.
  3155 | D:3      | Noticed Jackthecabe's ghost (amateur OpSu)
  3168 | D:3      | Found a runed translucent gate.
  3492 | D:3      | Found a bloodstained altar of Trog.
  3556 | D:4      | Found a basalt altar of Yredelemnul.
  3556 | D:4      | Identified the +7 chain mail of Ockuc {rF++ rCorr}
  3582 | D:4      | Reached skill level 4 in Spellcasting
  3629 | D:4      | Noticed Menkaure
  3634 | D:4      | Killed Menkaure
  3635 | D:4      | Reached XP level 6. HP: 21/39 MP: 7/12
  3775 | D:4      | Found Qistraom's Jewellery Boutique.
  3831 | D:4      | Reached skill level 5 in Fire Magic
  3860 | D:4      | Found Nyomafor's Weapon Boutique.
  3959 | D:4      | Reached ** piety under Vehumet
  4022 | D:4      | Offered knowledge of Shock by Vehumet.
  4207 | D:4      | Reached XP level 7. HP: 35/46 MP: 2/13
  4707 | D:5      | Entered Level 5 of the Dungeon
  5011 | D:5      | Identified the +6 rapier of True Grit {vamp, rF- rC+++
                  | rN++}
  5252 | D:5      | You fall into a shaft and drop 3 floors!
  5285 | D:6      | Found a staircase to the Ecumenical Temple.
  5315 | D:6      | Offered knowledge of Frozen Ramparts by Vehumet.
  5333 | D:6      | Reached XP level 8. HP: 54/54 MP: 9/14
  5381 | D:6      | Reached skill level 5 in Evocations
  5395 | D:6      | HP: 1/54 [something/puff of flame (12)]
  5407 | D:6      | Gained mutation: You possess an exceptional clarity of
                  | mind. [potion of mutation]
  5659 | D:6      | Noticed a wyvern
  5973 | D:6      | HP: 2/54 [orc/+0 club (3)]
  6228 | D:6      | Noticed Gus979's ghost (amateur DsFi)
  6231 | D:6      | Found a runed translucent door.
  6444 | D:6      | Killed a wyvern
  6724 | D:6      | Noticed Grinder
  6732 | D:6      | Killed Grinder
  6733 | D:6      | Reached skill level 5 in Spellcasting
  7041 | D:6      | Reached *** piety under Vehumet
  7042 | D:6      | Reached skill level 6 in Spellcasting
  7290 | D:6      | Reached XP level 9. HP: 55/58 MP: 9/18
  7702 | D:5      | Found the +7 Throatcutter {drain, coup de grace}
  7732 | D:5      | Reached skill level 1 in Long Blades
  7824 | D:5      | Found a glowing silver altar of Zin.
  7908 | D:5      | Found a radiant altar of Vehumet.
  8257 | D:7      | Learned a level 3 spell: Frozen Ramparts
  8410 | D:7      | Offered knowledge of Olgreb's Toxic Radiance by Vehumet.
  8582 | D:7      | Found a hazy altar of Hepliaklqana.
  8588 | D:7      | Learned a level 4 spell: Olgreb's Toxic Radiance
  8614 | D:7      | Found an ancient bone altar of Kikubaaqudgha.
  8691 | D:7      | Noticed Prince Ribbit
  8714 | D:7      | Killed Prince Ribbit
  8715 | D:7      | Reached skill level 5 in Long Blades
  9594 | D:8      | Reached skill level 7 in Spellcasting
  9595 | D:8      | Reached XP level 10. HP: 15/63 MP: 15/20
  9599 | D:8      | HP: 3/63 [poisoned by a killer bee]
 10106 | D:8      | Reached skill level 8 in Spellcasting
 10106 | D:8      | Reached skill level 1 in Poison Magic
 10229 | D:8      | Found an ornate altar of the Wu Jian Council.
 10239 | D:8      | Reached **** piety under Vehumet
 10264 | D:8      | Reached skill level 1 in Ice Magic
 10438 | D:8      | Offered knowledge of Sticky Flame by Vehumet.
 10439 | D:8      | Reached skill level 5 in Fighting
 10983 | D:9      | Reached skill level 5 in Poison Magic
 11215 | D:9      | Reached XP level 11. HP: 75/75 MP: 14/23
 11326 | D:9      | Found a staircase to the Orcish Mines.
 11539 | D:9      | Noticed a boulder beetle
 11591 | D:9      | Killed a boulder beetle
 11592 | D:9      | Reached skill level 9 in Spellcasting
 11771 | D:10     | Entered Level 10 of the Dungeon
 11771 | D:10     | Found a staircase to the Lair.
 11955 | D:10     | Noticed Snorg
 12212 | D:10     | Reached ***** piety under Vehumet
 12216 | D:10     | Reached skill level 10 in Spellcasting
 12224 | D:10     | Reached skill level 11 in Spellcasting
 12224 | D:10     | Reached XP level 12. HP: 14/81 MP: 25/27
 12449 | D:10     | Offered knowledge of Fulminant Prism by Vehumet.
 12886 | D:10     | Learned a level 2 spell: Passwall
 12960 | D:10     | Mangled by Snorg

Illustrated notes

Levels and vault maps discovered:
D:1:      kennysheep_arrival_seaside, layout_loops_ring, grunt_decor_junction,
          minmay_pentomino_w4
D:2:      layout_rooms, basic_ecumenical_altar, kennysheep_generic_room_4,
          uniq_robin, uniq_jessica
D:3:      layout_rooms, mainiacjoe_overflow_alcove_1, biasface_ghost_orc_armoury
D:4:      layout_gridville, mainiacjoe_overflow_brackets, serial_shops,
          nicolae_shop_stone, nrook_loot_triangle, kennysheep_windowed_goal,
          uniq_menkaure
D:5:      layout_loops_cross, mainiacjoe_overflow_catwalk,
          overflow_temple_1_default, nicolae_hexahallways,
          hangedman_abyss_or_decor_lesser_grid
D:6:      layout_basic, minmay_temple_entry_stoned_glass,
          hellmonk_ghost_happy_afterlife, amcnicky_mini_corridor_feature,
          minmay_misc_feat_doors, minmay_circle_x, uniq_edmund, uniq_grinder
D:7:      layout_rooms, mainiacjoe_overflow_catwalk_spiral, uniq_prince_ribbit1
D:8:      layout_basic, nicolae_overflow_crystal_walls,
          wad_floor_pattern_untrapped
D:9:      layout_basic, orc_0_dummy
D:10:     layout_grid_maze, due_lair_maze_entry_diamond, uniq_snorg

Skill      XL: |  1  2  3  4  5  6  7  8  9 10 11 |
---------------+----------------------------------+-----
Fighting       | 1 2 3 4 7 |  7.1
Stealth        | 3 4 |  4.0
Spellcasting   | 3 4 6 7 8 11 | 11.1
Fire Magic     | 4 5 7 |  7.1
Evocations     | 4 5 |  5.0
Short Blades   | 4 |  4.0
Dodging        | 3 4 6 |  6.5
Long Blades    | 6 |  6.4
Poison Magic   | 5 |  5.0
Ice Magic      | 2 |  2.0
Conjurations   | |  1.0

Action                   |  1- 3 |  4- 6 |  7- 9 | 10-12 || total
-------------------------+-------+-------+-------+-------++-------
Melee: Unarmed           |     6 |       |       |       ||     6
       Tentacles         |     4 |     3 |    16 |    16 ||    39
       Constrict         |     3 |     5 |    14 |    13 ||    35
       Short sword       |     3 |     4 |       |       ||     7
       Punch             |     1 |       |     2 |       ||     3
       Dagger            |       |     9 |       |       ||     9
       Rapier            |       |       |    40 |       ||    40
       Long sword        |       |       |    48 |    92 ||   140
Throw: Boomerang         |       |       |     3 |       ||     3
 Cast: Foxfire           |    67 |    68 |    73 |     7 ||   215
       Scorch            |     5 |     8 |    32 |     6 ||    51
       Inner Flame       |     1 |     4 |    17 |    11 ||    33
       Frozen Ramparts   |       |       |     9 |     9 ||    18
       Olgreb's Toxic Ra |       |       |     5 |    33 ||    38
       Passwall          |       |       |       |     1 ||     1
Evoke: Wand              |       |       |     8 |     2 ||    10
  Use: Scroll            |     3 |     3 |     8 |     7 ||    21
       Potion            |       |       |    10 |     7 ||    17
 Stab: Sleeping          |       |       |     5 |     1 ||     6
Armor: Skin              |       |     2 |     3 |     9 ||    14
Dodge: Dodged            |    13 |    17 |    53 |    63 ||   146
Block: Other             |       |       |    19 |    19 ||    38
       Reflection        |       |       |     1 |       ||     1

Table legend: (Time is in decaauts)
 A = Elapsed time spent in this place.
 B = Non-inter-level travel time spent in this place.
 C = Inter-level travel time spent in this place.
 D = Time resting spent in this place.
 E = Time spent auto-exploring this place.
 F = Levels seen in this place.
 G = Mean time per level.
                   A        B        C        D        E       F      G
               +--------+--------+--------+--------+--------+-----+--------+
         Total |  12983 |  12503 |    480 |   1072 |   9677 |  10 | 1298.3 |
       Dungeon |  12983 |  12503 |    480 |   1072 |   9677 |  10 | 1298.3 |
               +--------+--------+--------+--------+--------+-----+--------+

Top non-repeatable levels by time:
     D:6: 2218 daAuts
     D:1: 1732 daAuts
     D:8: 1639 daAuts
     D:2: 1399 daAuts
     D:5: 1326 daAuts
     D:4: 1164 daAuts
     D:9: 1104 daAuts
     D:7: 1007 daAuts
    D:10: 980 daAuts
     D:3: 411 daAuts
